 Dungeon Crawl Stone Soup version 0.30-a0-777-ga9a30cbeda (webtiles) character file.

Game seed: 4595912782216332143

849 jimonade the Poker (level 8, -3/61 HPs)
             Began as a Formicid Fighter on Feb 13, 2023.
             Slain by an orc warrior
             ... wielding a +3 dire flail of holy wrath
              (11 damage)
             ... on level 6 of the Dungeon.
             The game lasted 00:09:11 (5419 turns).

jimonade the Poker (Formicid Fighter)               Turns: 5419, Time: 00:09:11

Health: -3/61      AC: 13    Str: 20    XL:     8   Next: 21%
Magic:  8/8        EV:  6    Int: 11    God:
Gold:   177        SH:  5    Dex: 13    Spells: 7/7 levels left

rFire   . . .      SeeInvis +    a - +0 trident
rCold   + . .      Faith    .    c - +0 buckler
rNeg    . . .      Spirit   .    r - +0 plate armour
rPois   .          Reflect  .    (helmet unavailable)
rElec   .          Harm     .    (no cloak)
rCorr   .          Rampage  .    (no gloves)
Will    .....                    k - +0 pair of boots Stlth
                                 (no amulet)
HPRegen 0.30/turn                n - ring of protection from cold
MPRegen 0.11/turn                (no ring)

@: no status effects
A: permanent stasis, dig shafts and tunnels, antennae 3, four strong arms
a: Dig, Shaft Self


You were on level 6 of the Dungeon.
You visited 2 branches of the dungeon, and saw 7 of its levels.
You also visited: Sewer.

You collected 177 gold pieces.

Inventory:

Hand Weapons
 a - a +0 trident (weapon)
 b - a +0 sling
 C - a +0 giant spiked club
Missiles
 h - 53 stones
 i - 4 poisoned darts (quivered)
 t - 6 atropa-tipped darts
Armour
 c - a +0 buckler (worn)
 k - a +0 pair of boots (worn)
 r - a +0 plate armour (worn)
 G - a +0 chain mail
 H - a +0 scale mail
Jewellery
 n - a ring of protection from cold (left hand)
 p - a ring of wizardry
 s - a ring of fire
 D - a ring of magical power
 F - a ring of wizardry
Wands
 B - a wand of roots (11)
Scrolls
 d - a scroll of vulnerability {unknown}
 e - 2 scrolls of magic mapping
 f - 5 scrolls of identify {unknown}
 j - 2 scrolls of blinking {unknown}
 l - a scroll of fear {unknown}
 o - a scroll of amnesia {unknown}
 q - 2 scrolls of immolation {unknown}
 y - a scroll of teleportation {unknown}
 E - a scroll of enchant armour {unknown}
Potions
 g - a potion of flight
 m - 2 potions of mutation {unknown}
 u - a potion of brilliance {unknown}
 v - a potion of magic {unknown}
 w - a potion of attraction {unknown}
 x - a potion of berserk rage {unknown}
 z - 2 potions of haste {unknown}
 A - 2 potions of degeneration {unknown}


   Skills:
 + Level 4.6 Fighting
 * Level 7.1 Polearms
 + Level 0.2 Throwing
 + Level 4.7 Armour
 + Level 0.6 Dodging
 + Level 0.3 Stealth
 + Level 5.3 Shields


You had 7 spell levels left.
You didn't know any spells.
Your spell library contained the following spells:

 Spells                   Type           Power      Damage    Failure   Level
 Dazzling Flash           Conj/Hex       0%         N/A       100%        3
 Iskenderun's Mystic Bla  Conj/Tloc      0%         2d3       100%        4
 Starburst                Conj/Fire      0%         6d3       100%        6


Dungeon Overview and Level Annotations

Branches:
Dungeon (6/15)             Temple (1/1) D:4           Sewer (visited)

Altars:
Ashenzari
Cheibriados
Dithmenos
Elyvilon
Fedhas
Gozag
Hepliaklqana
Kikubaaqudgha
Makhleb
Qazlal
Sif Muna
Trog
Uskayaw
Vehumet
Wu Jian
Xom
Yredelemnul
Zin
The Shining One

Shops:
D:2 *


Innate Abilities, Weirdness & Mutations

You cannot be hasted, slowed, berserked, paralysed or teleported.
You can dig through walls and to a lower floor.
You have a pair of large antennae on your head. (SInv)
Your four strong arms can wield two-handed weapons with a shield.


Message History

You hit the orc warrior but do no damage.
The orc warrior is moderately wounded.
You block the orc warrior's attack.
You closely miss the orc warrior.
The orc warrior is moderately wounded.
The orc warrior hits you with a +3 dire flail of holy wrath.
You barely miss the orc warrior.
The orc warrior is moderately wounded.
The orc warrior barely misses you.
You completely miss the orc warrior.
The orc warrior is moderately wounded.
The orc warrior hits you but does no damage.
You puncture the orc warrior!
The orc warrior is heavily wounded.
The orc warrior hits you with a +3 dire flail of holy wrath.
You completely miss the orc warrior.
The orc warrior is heavily wounded.
The orc warrior hits you but does no damage.
You hit the orc warrior but do no damage.
The orc warrior is heavily wounded.
The orc warrior hits you with a +3 dire flail of holy wrath.
You closely miss the orc warrior.
The orc warrior is heavily wounded.
The orc warrior hits you with a +3 dire flail of holy wrath!
You hit the orc warrior but do no damage.
The orc warrior is heavily wounded.
You block the orc warrior's attack.
You barely miss the orc warrior.
The orc warrior is heavily wounded.
The orc warrior hits you with a +3 dire flail of holy wrath!
* * * LOW HITPOINT WARNING * * *
You hit the orc warrior but do no damage.
The orc warrior is heavily wounded.
The orc warrior hits you but does no damage.
You hit the orc warrior.
The orc warrior is severely wounded.
The orc warrior hits you with a +3 dire flail of holy wrath!
* * * LOW HITPOINT WARNING * * *
The orc warrior hits you with a +3 dire flail of holy wrath!
You die...

#.#.#..........o.....
####...####.######...
#.#.#..###.........
#..##.......######.
#......####.#
######## #.# #o# #o#
#@# #.# #)# #.# #.#
#.# #.# #.#


You could see an orc warrior and an orc.

Vanquished Creatures
  A water moccasin (D:5)
  Duvessa (D:5)
  2 ogres (D:5)
  A phantom (D:4)
  A scorpion (D:5)
  Dowan (D:5)
  An iguana (D:3)
  A hell rat (Sewer)
  4 gnolls (D:2)
  8 adders
  2 river rats (Sewer)
  A white imp (D:3)
  6 worms
  2 dart slugs (D:1)
  12 orcs
  4 bats
  8 endoplasms
  4 giant cockroaches
  7 goblins
  7 hobgoblins
  3 quokkas
  6 ball pythons
  4 frilled lizards
  6 kobolds
  10 rats
103 creatures vanquished.

Notes
Turn   | Place    | Note
-------+----------+-------------------------------------------
     0 | D:1      | jimonade the Formicid Fighter began the quest for the Orb.
     0 | D:1      | Reached XP level 1. HP: 18/18 MP: 1/1
   147 | D:1      | Reached XP level 2. HP: 24/24 MP: 2/2
   322 | D:1      | Reached XP level 3. HP: 30/30 MP: 3/3
   920 | D:2      | Reached XP level 4. HP: 15/37 MP: 4/4
  1048 | D:2      | Reached skill level 3 in Polearms
  1150 | D:2      | Found Yxaser's Assorted Antiques.
  1382 | D:2      | Reached XP level 5. HP: 26/42 MP: 5/5
  1761 | D:3      | Reached skill level 4 in Polearms
  2056 | D:3      | Reached XP level 6. HP: 48/48 MP: 6/6
  2722 | D:4      | Found a staircase to the Ecumenical Temple.
  2746 | Temple   | Entered the Ecumenical Temple
  2853 | D:4      | Found a burning altar of Makhleb.
  2853 | D:4      | Found a basalt altar of Yredelemnul.
  2856 | D:4      | Found a glowing silver altar of Zin.
  3308 | D:4      | Found an opulent altar of Gozag.
  3309 | D:4      | Found a radiant altar of Vehumet.
  3311 | D:4      | Found a stormy altar of Qazlal.
  3555 | D:5      | Entered Level 5 of the Dungeon
  3576 | D:4      | Reached skill level 5 in Polearms
  3605 | D:5      | Noticed an ogre
  3616 | D:5      | Killed an ogre
  3617 | D:5      | Reached XP level 7. HP: 12/54 MP: 7/7
  3656 | D:5      | Noticed a water moccasin
  3664 | D:5      | Killed a water moccasin
  3665 | D:5      | Reached skill level 6 in Polearms
  3665 | D:5      | Reached skill level 5 in Shields
  3729 | D:5      | Found a glowing drain.
  3738 | Sewer    | Entered a sewer
  5068 | D:5      | Noticed Duvessa
  5094 | D:5      | Killed Duvessa
  5095 | D:5      | Reached skill level 7 in Polearms
  5095 | D:5      | Reached XP level 8. HP: 43/61 MP: 8/8
  5175 | D:5      | Noticed Dowan
  5192 | D:5      | Killed Dowan
  5419 | D:6      | Slain by an orc warrior

Illustrated notes

Levels and vault maps discovered:
D:1:      mushboom_english_gardens, layout_basic, minivault_27
D:2:      layout_loops_ring, serial_shops, nicolae_shop_hallway_plus
D:3:      layout_loops_ring, kennysheep_doodads, kennysheep_generic_room_4
D:4:      layout_loops_corners, minitemple, temple_pool_b, serial_glass,
          glass_columns_a, glass_columns_a, glass_columns_a, glass_columns_a
D:5:      layout_loops_corners, cheibrodos_sewer_entry_bend, uniq_duvessa
D:6:      layout_loops_ring, mainiacjoe_overflow_chevrons,
          nicolae_ru_the_path_less_chosen
Temple:   dshaligram_water_room_temple

Skill      XL: |  1  2  3  4  5  6  7 |
---------------+----------------------+-----
Polearms       | 3 4 5 7 |  7.1
Armour         | 4 |  4.7
Fighting       | 4 |  4.6
Shields        | 5 |  5.3
Throwing       | |  0.2
Dodging        | |  0.6
Stealth        | |  0.3

Action                     |  1- 3 |  4- 6 |  7- 9 || total
---------------------------+-------+-------+-------++-------
  Melee: Trident           |    73 |   222 |   139 ||   434
  Throw: Dart              |       |     3 |       ||     3
    Use: Potion            |       |     1 |     3 ||     4
         Scroll            |       |     1 |       ||     1
 Armour: Scale mail        |    20 |    60 |       ||    80
         Plate armour      |       |    21 |    58 ||    79
  Dodge: Dodged            |    18 |    62 |    25 ||   105
  Block: Buckler           |     9 |    50 |    29 ||    88

Table legend: (Time is in decaauts)
 A = Elapsed time spent in this place.
 B = Non-inter-level travel time spent in this place.
 C = Inter-level travel time spent in this place.
 D = Time resting spent in this place.
 E = Time spent auto-exploring this place.
 F = Levels seen in this place.
 G = Mean time per level.
                   A        B        C        D        E       F      G
               +--------+--------+--------+--------+--------+-----+--------+
         Total |   5489 |   5232 |    257 |    294 |   3850 |   8 |  686.1 |
       Dungeon |   5023 |   4786 |    237 |    101 |   3688 |   6 |  837.2 |
        Temple |     90 |     70 |     20 |      0 |     60 |   1 |   90.0 |
         Sewer |    375 |    375 |      0 |    193 |    101 |   1 |  375.0 |
               +--------+--------+--------+--------+--------+-----+--------+

Top non-repeatable levels by time:
     D:5: 1434 daAuts
     D:2: 948 daAuts
     D:3: 905 daAuts
     D:1: 839 daAuts
     D:4: 833 daAuts
   Sewer: 375 daAuts
  Temple: 90 daAuts
     D:6: 64 daAuts
